Map: Piaskowy Wąwóz

Players

Finiarel - Winner!

  • Race: Protoss Protoss
  • Spawn Location: 11:00

AtomTom - Winner!

  • Race: Protoss Protoss
  • League: Diamond
  • Spawn Location: 9:00

Legol

  • Race: Protoss Protoss
  • Spawn Location: 5:00

RagingKrizzz

  • Race: Terran Terran
  • Spawn Location: 3:00

VOD

Have the link to the VOD?

Description

Time

  • Played on: Dec. 26, 2019, 4:30 p.m.
  • Length: 7:11
Show
View Real Time Build Order
Export as new Build Order

Finiarel Protoss - Winner!

Build Orders:  

Get SALT Encoding   

  12  0:01  Probe  
  13  0:18  Pylon  
  13  0:24  Probe (Chrono Boost)  
  14  0:34  Probe (Chrono Boost)  
  15  0:40  Forge  
  15  0:52  Gateway  
  15  0:56  Probe  
  16  1:08  Probe  
  17  1:15  Photon Cannon  
  17  1:20  Pylon  
  17  1:23  Assimilator  
  17  1:26  Probe  
  18  1:39  Cybernetics Core  
  18  1:41  Probe  
  19  1:53  Probe  
  19  1:54  Assimilator  
  20  2:06  Probe (Chrono Boost)  
  21  2:10  Pylon  
  22  2:16  Adept (Chrono Boost), Probe (Chrono Boost)  
  22  2:21  Probe (Chrono Boost)  
  25  2:43  Adept (Chrono Boost)  
  27  3:05  Stargate  
  27  3:17  Nexus  
  27  3:20  Assimilator  
  27  3:29  Stargate  
  27  4:04  Probe  
  27  4:06  Void Ray  
  32  4:16  Probe  
  33  4:17  Void Ray  
  37  4:28  Probe (Chrono Boost)  
  35  4:40  Probe (Chrono Boost)  
  35  4:42  Probe (Chrono Boost)  
  36  4:47  Pylon  
  36  4:48  Void Ray  
  36  4:49  Pylon  
  36  4:50  Probe (Chrono Boost)  
  36  4:51  Pylon, Probe (Chrono Boost)  
  38  4:58  Probe x2 (Chrono Boost)  
  44  5:04  Probe  
  46  5:07  Probe  
  46  5:09  Void Ray (Chrono Boost)  
  50  5:19  Assimilator  
  50  5:32  Void Ray (Chrono Boost)  
  54  5:38  Probe x2  
  56  5:50  Probe x2  
  58  5:58  Fleet Beacon  
  58  6:02  Probe  
  58  6:03  Probe  
  60  6:15  Probe x2  
  60  6:16  Void Ray  
  60  6:18  Void Ray  
  70  6:27  Probe x2  
Show
View Real Time Build Order
Export as new Build Order

AtomTom Protoss - Winner!

Build Orders:  

Get SALT Encoding   

  12  0:01  Probe  
  13  0:14  Probe  
  14  0:26  Pylon  
  14  0:38  Probe  
  15  0:50  Probe (Chrono Boost)  
  15  0:54  Gateway  
  16  0:59  Assimilator  
  16  1:03  Probe (Chrono Boost)  
  17  1:09  Probe (Chrono Boost)  
  18  1:17  Probe  
  19  1:29  Probe  
  19  1:32  Gateway  
  20  1:38  Assimilator  
  20  1:41  Probe  
  20  1:43  Cybernetics Core  
  21  1:53  Probe  
  22  1:59  Pylon  
  22  2:19  Stalker x2 (Chrono Boost)  
  25  2:41  Stalker x2 (Chrono Boost)  
  29  3:22  Robotics Facility  
  29  3:23  Nexus  
  29  3:26  Stalker  
  31  4:35  Stalker x2 (Chrono Boost)  
  29  4:52  Observer  
  28  4:59  Stalker x2 (Chrono Boost)  
  28  5:01  Pylon, Warp Gate  
  28  5:04  Gateway  
  32  5:09  Twilight Council  
  32  5:14  Pylon  
  26  5:25  Stalker x2  
  29  5:46  Probe (Chrono Boost)  
  29  5:47  Probe (Chrono Boost)  
  31  5:54  Stalker (Chrono Boost)  
  31  5:55  Stalker (Chrono Boost), Probe (Chrono Boost)  
  37  5:58  Probe (Chrono Boost)  
  37  6:17  Probe  
  38  6:18  Probe  
  39  6:29  Probe  
  40  6:33  Probe  
  41  6:41  Probe  
  41  6:45  Probe  
  43  6:53  Probe  
Show
View Real Time Build Order
Export as new Build Order

Legol Protoss 

Build Orders: 1 Gate Expand, Oracle Opening 

Get SALT Encoding   

  12  0:00  Probe  
  13  0:13  Probe  
  14  0:21  Pylon  
  14  0:29  Probe  
  15  0:40  Gateway  
  15  0:47  Probe (Chrono Boost)  
  16  0:57  Probe (Chrono Boost)  
  17  0:58  Assimilator  
  17  1:02  Probe (Chrono Boost)  
  18  1:11  Assimilator  
  18  1:28  Nexus  
  18  1:37  Cybernetics Core  
  18  1:43  Probe (Chrono Boost)  
  19  1:52  Probe (Chrono Boost), Assimilator  
  20  1:57  Probe (Chrono Boost)  
  21  2:09  Probe (Chrono Boost)  
  22  2:21  Probe (Chrono Boost)  
  22  2:22  Warp Gate  
  23  2:38  Stargate  
  23  2:46  Probe x2  
  25  2:57  Pylon  
  25  2:58  Probe x2  
  26  3:03  Pylon  
  27  3:10  Forge  
  27  3:12  Pylon  
  27  3:13  Probe x2  
  29  3:20  Oracle (Chrono Boost)  
  29  3:25  Probe  
  33  3:50  Void Ray (Chrono Boost)  
  33  3:52  Photon Cannon  
  37  4:13  Photon Cannon  
  37  4:15  Photon Cannon  
  32  4:45  Void Ray (Chrono Boost)  
  35  4:54  Probe  
  35  4:55  Probe  
  35  4:58  Assimilator  
  37  5:02  Assimilator  
  37  5:06  Probe  
  39  5:07  Probe  
  39  5:10  Photon Cannon  
  39  5:13  Photon Cannon  
  39  5:19  Probe  
  40  5:29  Void Ray (Chrono Boost)  
  41  5:39  Probe  
  41  5:40  Probe  
  43  5:46  Photon Cannon  
  43  5:51  Probe  
  43  5:52  Probe  
  45  6:02  Stargate  
  45  6:04  Probe x2  
  47  6:05  Oracle (Chrono Boost)  
  50  6:16  Probe  
  50  6:17  Probe  
  52  6:28  Probe (Chrono Boost)  
  54  6:33  Probe (Chrono Boost)  
  55  6:40  Probe (Chrono Boost)  
  55  6:44  Probe (Chrono Boost)  
  55  6:45  Probe (Chrono Boost)  
  54  6:53  Probe  
Show
View Real Time Build Order
Export as new Build Order

RagingKrizzz Terran 

Build Orders:  

Get SALT Encoding   

  12  0:01  SCV  
  13  0:13  SCV  
  14  0:22  Supply Depot  
  14  0:26  SCV  
  15  0:30  Refinery  
  15  0:44  SCV  
  15  0:47  Barracks  
  16  0:56  SCV  
  17  1:08  SCV  
  18  1:20  SCV  
  19  1:34  Reaper  
  19  1:38  SCV  
  21  1:46  Command Center  
  21  1:50  SCV  
  22  2:00  Factory  
  22  2:02  SCV  
  23  2:16  Orbital Command  
  23  2:20  Refinery  
  23  2:25  Supply Depot  
  23  2:45  Factory Tech Lab  
  23  2:47  Barracks Tech Lab  
  23  2:51  Bunker  
  23  2:53  SCV  
  23  2:58  Engineering Bay  
  23  3:04  Orbital Command  
  23  3:15  Siege Tank  
  23  3:18  Marine  
  27  3:27  Engineering Bay  
  27  3:31  SCV  
  27  3:43  Marauder  
  27  4:02  Siege Tank  
  30  4:12  SCV x2  
  30  4:14  Marine  
  33  4:24  SCV  
  34  4:31  SCV  
  34  4:33  Marine  
  34  4:34  Stimpack  
  34  4:36  SCV  
  34  4:51  SCV x2  
  36  4:54  Terran Infantry Weapons Level 1  
  36  4:56  Missile Turret  
  36  4:58  Terran Infantry Armor Level 1  
  36  5:00  Armory  
  36  5:03  SCV x2  
  38  5:10  Marine  
  39  5:15  SCV  
  40  5:23  Starport  
  40  5:24  SCV  
  40  5:27  SCV  
  42  5:31  Siege Tank  
  45  5:35  Marine  
  45  5:42  Supply Depot  
  46  5:44  SCV x2  
  48  5:52  Refinery  
  48  5:53  Marine  
  48  5:56  SCV x2  
  51  6:01  Starport Reactor  
  51  6:03  Barracks  
  51  6:08  SCV x2  
  53  6:12  Marine  
  53  6:15  Supply Depot  
  54  6:20  SCV  
  54  6:43  Marine  
Tags
 
Add a new tag
Caveats
  • Supply blocks, unpowered buildings, or Contaminate may cause inaccurate times.
  • Supply counts are checked every 10 seconds.